 Dungeon Crawl Stone Soup version 0.19-a0-1896-g611e798 (webtiles) character file.

12339 Jorund the Cleaver (level 11, -4/75 HPs)
             Began as a Demonspawn Gladiator on Oct 19, 2016.
             Was a High Priest of Okawaru.
             Slain by a skeletal warrior
             ... wielding a +1 halberd of flaming
              (18 damage)
             ... in a volcano.
             The game lasted 00:30:58 (11159 turns).

Jorund the Cleaver (Demonspawn Gladiator)          Turns: 11159, Time: 00:30:58

Health: -4/75      AC: 24    Str: 18    XL:     11   Next: 61%
Magic:  11/11      EV:  6    Int: 10    God:    Okawaru [*****.]
Gold:   605        SH:  0    Dex: 14    Spells: 0 memorised, 10 levels left

rFire  . . .     SeeInvis .     N - +4 battleaxe (freeze)
rCold  + + .     Gourm    .     h - +0 plate armour {rC+}
rNeg   . . .     Faith    .     (shield currently unavailable)
rPois  .         Spirit   .     E - +0 helmet
rElec  .         Reflect  .     k - +2 cloak
rCorr  .         Harm     .     l - +0 pair of gloves
MR     +....                    (boots unavailable)
Stlth  ..........               o - amulet of magic regeneration
                                (no ring)
                                c - ring of protection from magic

@: heavily drained
A: talons 3, iridescent scales 3, cold resistance 1, powered by pain 1
a: Heroism, Finesse, Renounce Religion


You were in a volcano.
You worshipped Okawaru.
Okawaru was extremely pleased with you.
You were hungry.

You visited 2 branches of the dungeon, and saw 12 of its levels.
You also visited: Volcano.

You collected 794 gold pieces.
You spent 189 gold pieces at shops.

Inventory:

Hand Weapons
 a - a +2 war axe
 m - a +0 antimagic halberd
 F - a +0 hand crossbow
 J - a +0 blowgun
 N - a +4 battleaxe of freezing (weapon)
Missiles
 q - 8 curare-tipped needles
 A - 18 poisoned needles
 M - 7 throwing nets (quivered)
Armour
 h - a +0 plate armour of cold resistance (worn)
 k - a +2 cloak (worn)
 l - a +0 pair of gloves (worn)
 E - a +0 helmet (worn)
Jewellery
 c - a ring of protection from magic (left hand)
 i - an uncursed ring of ice
 o - an amulet of magic regeneration (around neck)
Wands
 e - a wand of disintegration (0/24)
 p - a wand of confusion (13/48)
 v - a wand of polymorph (9/24)
 y - a wand of heal wounds (0/9)
 z - a wand of teleportation (5/9)
 K - a wand of paralysis (13/24)
 O - a wand of digging (10/24)
Scrolls
 g - 2 scrolls of fear
 s - 3 scrolls of teleportation
 w - 2 scrolls of identify
 G - 4 scrolls of fog
 P - a scroll of remove curse
 R - a scroll of summoning {unknown}
Potions
 b - a potion of flight
 j - a potion of cancellation
 t - a potion of ambrosia
 D - 5 potions of curing
 I - a potion of cure mutation
Books
 B - a book of Air

   Spells                             Type                      Level
   a - Shock                          Conjuration/Air              1
   b - Swiftness                      Charms/Air                   2
   c - Repel Missiles                 Charms/Air                   2
   d - Static Discharge               Conjuration/Air              3
   e - Lightning Bolt                 Conjuration/Air              5
 C - a book of Callings

   Spells                             Type                      Level
   a - Summon Small Mammal            Summoning                    1
   b - Call Imp                       Summoning                    2
   c - Call Canine Familiar           Summoning                    3
   d - Summon Guardian Golem          Hexes/Summoning              3
   e - Summon Lightning Spire         Summoning/Air                4
   f - Summon Ice Beast               Ice/Summoning                4
 H - a book of Power

   Spells                             Type                      Level
   a - Fulminant Prism                Conjuration/Hexes            4
   b - Iskenderun's Mystic Blast      Conjuration                  4
   c - Venom Bolt                     Conjuration/Poison           5
   d - Bolt of Magma                  Conjuration/Fire/Earth       5
   e - Iron Shot                      Conjuration/Earth            6
   f - Orb of Destruction             Conjuration                  7
   g - Spellforged Servitor           Conjuration/Summoning        7
 Q - a book of the Earth

   Spells                             Type                      Level
   a - Leda's Liquefaction            Hexes/Earth                  4
   b - Bolt of Magma                  Conjuration/Fire/Earth       5
   c - Statue Form                    Transmutation/Earth          6
   d - Iron Shot                      Conjuration/Earth            6
   e - Shatter                        Earth                        9
Comestibles
 d - 2 royal jellies
 f - 11 bread rations
 n - 6 meat rations
 r - 4 fruits
 L - 9 slices of pizza


   Skills:
 + Level 3.6(1.9) Fighting
 + Level 14.1(11.8) Axes
 - Level 1.7(0.1) Throwing
 + Level 8.7(6.7) Armour
 - Level 2.6(1.0) Dodging
 - Level 1.1(0.0) Evocations


You had 10 spell levels left.
You didn't know any spells.

Dungeon Overview and Level Annotations

Branches:
Dungeon (10/15)            Temple (0/1) D:6            Lair (2/6) D:10
 Shoals (0/4) Lair:2          Orc (0/2) D:10
  Snake: Lair:2-4    Spider: Lair:2-4

Altars:
Ashenzari
Makhleb
Nemelex Xobeh
Okawaru
Sif Muna
Vehumet
The Shining One

Shops:
D:6 *   D:9 !

Annotations:
D:7 exclusion: statue
D:8 Maurice
Lair:2 kuzmorgo's ghost, journeyman DEWz


Innate Abilities, Weirdness & Mutations

You have claws for feet.
You are completely covered in iridescent scales. (AC +6)
Your flesh is cold resistant. (rC+)
You sometimes gain a little power by taking damage.


Message History

The skeletal warrior is heavily damaged.
In the distance, the volcano erupts with a roar.
The skeletal warrior hits you with a halberd of flaming!!
* * * LOW HITPOINT WARNING * * *
The skeletal warrior burns you.
* * * LOW HITPOINT WARNING * * *
Evoke which item? (* to show all) (? for menu, Esc to quit)
Okay, then.
You feel better.
The skeletal warrior hits you with a halberd of flaming.
* * * LOW HITPOINT WARNING * * *
The skeletal warrior burns you.
* * * LOW HITPOINT WARNING * * *
You closely miss the skeletal warrior.
The skeletal warrior is heavily damaged.
The skeletal warrior hits you but does no damage.
You hit the skeletal warrior but do no damage.
The skeletal warrior is heavily damaged.
The skeletal warrior hits you with a halberd of flaming!!
You die...

§≈§≈§...+...)....+..∩..+
§§§....≈+..)8....+.....#
§§§≈....##########.....#
§§§≈≈≈### #..⌠..#
§§§§≈## ##+#####'##
≈§≈≈## ###.........#
§≈§# +§§§≈§≈≈§§≈.+ ≈##
###.........#
##@#####+## #z# ###


You could see a skeletal warrior.

Vanquished Creatures
  Fannar (D:10)
  Pikel (D:5)
  The ghost of Eniamerus the Covert, a novice SpAs of Trog (D:8)
  A cyclops (D:7)
  An elephant (D:10)
  3 gargoyles
  Grinder (D:5)
  3 trolls
  A hornet (D:8)
  Prince Ribbit (D:8)
  2 hippogriffs
  2 flying skulls (Volcano)
  6 yaks (D:10)
  A human (D:8)
  A wyvern (D:10)
  Grum (D:8)
  A warg (D:10)
  An ice beast (D:8)
  A porcupine (Lair:1)
  4 orc warriors
  8 ogres
  2 sky beasts (D:9)
  7 wolves
  4 necrophages
  2 crocodiles (Lair:1)
  A centaur (D:10)
  A big kobold (D:7)
  Blork the orc (D:6)
  7 bullfrogs
  3 gnoll sergeants (D:9)
  5 scorpions
  A water moccasin skeleton (D:7)
  4 killer bees
  2 troll skeletons (Volcano)
  A howler monkey (D:8)
  5 wights (D:6)
  4 crimson imps
  6 hounds
  2 gnoll shamans (D:9)
  9 orc wizards
  2 quasits
  7 orc priests
  Crazy Yiuf (D:7)
  A centaur skeleton (D:8)
  Jessica (D:3)
  2 bullfrog skeletons
  5 iguanas
  7 worker ants
  A hound skeleton (D:10)
  28 gnolls (D:9)
  8 adders
  4 shadow imps
  2 adder zombies
  4 worms
  3 dart slugs
  6 leopard geckos
  24 orcs
  9 bats
  6 giant cockroaches
  9 goblins
  9 hobgoblins
  15 jackals
  5 kobolds
  2 quokkas
  7 frilled lizards
  A jackal zombie (D:5)
  2 leopard gecko skeletons
  4 rats
  A plant (Lair:1)
285 creatures vanquished.

Vanquished Creatures (others)
  The ghost of Zigma the Grappler, a journeyman DrMo of Okawaru (Volcano)
  A flying skull (Volcano)
  A crimson imp (D:5)
3 creatures vanquished.

Grand Total: 288 creatures vanquished

Notes
Turn   | Place    | Note
-------+----------+-------------------------------------------
     0 | D:1      | Jorund the Demonspawn Gladiator began the quest for the Orb.
     0 | D:1      | Reached XP level 1. HP: 16/16 MP: 1/1
    70 | D:1      | Reached skill level 3 in Axes
   137 | D:1      | Gained mutation: You have sharp toenails. [demonic ancestry]
   137 | D:1      | Reached XP level 2. HP: 19/22 MP: 2/2
   584 | D:2      | Gained mutation: You are partially covered in iridescent scales. (AC +2) [demonic ancestry]
   584 | D:2      | Reached XP level 3. HP: 26/27 MP: 3/3
   660 | D:2      | Reached skill level 4 in Axes
   682 | D:2      | Reached skill level 1 in Armour
   937 | D:2      | Reached XP level 4. HP: 31/33 MP: 4/4
  1261 | D:3      | Noticed Jessica
  1275 | D:3      | Killed Jessica
  1533 | D:3      | Reached skill level 5 in Axes
  1533 | D:3      | Gained mutation: You are mostly covered in iridescent scales. (AC +4) [demonic ancestry]
  1533 | D:3      | Reached XP level 5. HP: 38/38 MP: 5/5
  2113 | D:4      | Noticed an ogre
  2117 | D:4      | Killed an ogre
  2117 | D:4      | Gained mutation: You sometimes gain a little power by taking damage. [demonic ancestry]
  2117 | D:4      | Reached XP level 6. HP: 44/44 MP: 6/6
  2244 | D:4      | Reached skill level 6 in Axes
  2313 | D:4      | Found a sparkling altar of Nemelex Xobeh.
  2522 | D:4      | Found a shattered altar of Ashenzari.
  2793 | D:5      | Entered Level 5 of the Dungeon
  2829 | D:5      | Found an iron altar of Okawaru.
  3081 | D:5      | Became a worshipper of Warmaster Okawaru
  3270 | D:5      | Gained mutation: You are completely covered in iridescent scales. (AC +6) [demonic ancestry]
  3270 | D:5      | Reached XP level 7. HP: 50/50 MP: 7/7
  3403 | D:5      | Noticed Pikel
  3428 | D:5      | Killed Pikel
  3428 | D:5      | Reached * piety under Okawaru
  3428 | D:5      | Reached skill level 7 in Axes
  3428 | D:5      | Reached skill level 1 in Evocations
  3458 | D:5      | Noticed Grinder
  3473 | D:5      | Paralysed by Grinder for 5 turns
  3483 | D:5      | Killed Grinder
  3483 | D:5      | Reached skill level 8 in Axes
  3483 | D:5      | Gained mutation: You have razor-sharp toenails. [demonic ancestry]
  3483 | D:5      | Reached XP level 8. HP: 31/56 MP: 8/8
  3569 | D:5      | Reached ** piety under Okawaru
  3929 | D:6      | Reached skill level 9 in Axes
  3955 | D:6      | Found Zykol's General Store.
  4011 | D:6      | Found a staircase to the Ecumenical Temple.
  4560 | D:6      | Noticed Blork the orc
  4567 | D:6      | Killed Blork the orc
  4567 | D:6      | Gained mutation: Your flesh is cold resistant. (rC+) [demonic ancestry]
  4567 | D:6      | Reached XP level 9. HP: 54/60 MP: 9/9
  4683 | D:7      | Reached skill level 10 in Axes
  4736 | D:7      | Found a runed door.
  4891 | D:7      | Reached skill level 5 in Armour
  4893 | D:7      | Reached *** piety under Okawaru
  4917 | D:7      | Found a radiant altar of Vehumet.
  5067 | D:7      | Found a burning altar of Makhleb.
  5587 | D:7      | Reached skill level 11 in Axes
  5600 | D:7      | Noticed a cyclops
  5637 | D:7      | Killed a cyclops
  5637 | D:7      | Received a gift from Okawaru
  5734 | D:7      | Noticed Crazy Yiuf
  5779 | D:7      | Killed Crazy Yiuf
  5887 | D:8      | Noticed Eniamerus's ghost (novice SpAs)
  5925 | D:8      | Killed Eniamerus's ghost
  5925 | D:8      | Reached XP level 10. HP: 58/66 MP: 10/10
  6108 | D:8      | Noticed Prince Ribbit
  6425 | D:8      | Noticed Grum
  6454 | D:7      | Reached **** piety under Okawaru
  6510 | D:8      | Found a glowing golden altar of the Shining One.
  6653 | D:8      | Killed Prince Ribbit
  6654 | D:8      | Paralysed by a hornet for 2 turns
  6659 | D:8      | Reached skill level 12 in Axes
  6672 | D:8      | Noticed Maurice
  6962 | D:8      | Killed Grum
  7278 | D:6      | Bought a scroll of remove curse for 42 gold pieces
  7285 | D:6      | Bought a scroll of fear for 49 gold pieces
  7636 | D:9      | Found Ynin's Distillery.
  7648 | D:9      | Bought a potion of might for 56 gold pieces
  7648 | D:9      | Bought a potion of curing for 42 gold pieces
  8405 | D:10     | Entered Level 10 of the Dungeon
  8513 | D:10     | Reached ***** piety under Okawaru
  8627 | D:10     | Noticed an elephant
  8627 | D:10     | Noticed a gargoyle
  8652 | D:10     | Killed a gargoyle
  8652 | D:10     | Reached skill level 13 in Axes
  8666 | D:10     | Killed an elephant
  8696 | D:10     | Found a staircase to the Lair.
  8751 | D:10     | Gained mutation: You have claws for feet. [demonic ancestry]
  8751 | D:10     | Reached XP level 11. HP: 59/72 MP: 11/11
  8779 | D:10     | Found a staircase to the Orcish Mines.
  9075 | D:10     | Noticed a hill giant
  9143 | D:10     | Received a gift from Okawaru
  9434 | D:10     | Noticed Fannar
  9478 | D:10     | Killed Fannar
  9962 | Lair:1   | Entered Level 1 of the Lair of Beasts
  9962 | Lair:1   | Found a deep blue altar of Sif Muna.
 10634 | Lair:1   | Reached skill level 14 in Axes
 10771 | Lair:2   | Noticed kuzmorgo's ghost (journeyman DEWz)
 10793 | Lair:2   | Found a dark tunnel.
 10801 | Volcano  | Entered a volcano
 10801 | Volcano  | Noticed Zigma's ghost (journeyman DrMo)
 11010 | Volcano  | Killed Zigma's ghost
 11145 | Volcano  | Noticed a skeletal warrior
 11159 | Volcano  | Slain by a skeletal warrior

Vault maps used:
D:1:      tarquinn_simple_flora_water_e
D:3:      uniq_jessica
D:4:      kennysheep_little_box, nemelex_altar_shiori, first_bread
D:5:      nicolae_overflow_crystal_walls, uniq_pikel, uniq_grinder
D:6:      serial_shops, shop, uniq_blork_the_orc
D:7:      vehumet_statue, overflow_temple_1_default, st_stairs_10,
          uniq_crazy_yiuf_cottage
D:8:      old_standard_altar, grunt_pizzeria, corexii_checkpoint_b,
          corexii_leaking_fountain, uniq_maurice, uniq_grum, uniq_prince_ribbit1
D:9:      serial_gnoll_camp, gnoll_camp_mini_hut, gnoll_camp_mini_shop,
          gnoll_camp_huts_moat, gnoll_camp_medium_01
D:10:     david_lair_generic, erik_orc_3, uniq_fannar
Lair:1:   basic_altar
Lair:2:   elwin_shoals_entry_stream, lightli_volcano_entry_magma_tube,
          portal_ice_cave_entry_pillars_1
Volcano:  volcano_tomb

Skill      XL: |  1  2  3  4  5  6  7  8  9 10 11 |
---------------+----------------------------------+-----
Axes           | 3 4 5 6 8 9 11 13 14 | 14.1
Armour         | 1 2 3 4 6 7 8 |  8.7
Evocations     | 1 |  1.1
Fighting       | 3 |  3.6
Throwing       | |  1.7
Dodging        | |  2.6

Action                   |  1- 3 |  4- 6 |  7- 9 | 10-12 || total
-------------------------+-------+-------+-------+-------++-------
Melee: War axe           |   109 |   156 |   361 |   444 ||  1070
       Kick              |    13 |    43 |    90 |   160 ||   306
       Battleaxe         |       |       |       |   179 ||   179
Throw: Throwing net      |       |     3 |     2 |       ||     5
Evoke: Wand              |       |     3 |    13 |    18 ||    34
  Use: Scroll            |       |    12 |     9 |    11 ||    32
       Potion            |       |     1 |     2 |     7 ||    10
 Stab: Sleeping          |     1 |       |       |       ||     1
       Paralysed         |       |       |     1 |       ||     1
  Eat: Chunk             |       |     7 |     8 |    17 ||    32
       Pizza             |       |       |     1 |       ||     1
Armor: Leather armour    |    45 |    21 |       |       ||    66
       Ring mail         |       |    51 |    65 |       ||   116
       Scale mail        |       |       |   119 |       ||   119
       Plate armour      |       |       |    44 |   518 ||   562
Dodge: Dodged            |    86 |    95 |   199 |   250 ||   630
